 Adventure DCSS version bcrawl-1.27.3 (webtiles) character file.

Game seed: 13977446096267054789

10144408 galech the Conqueror (level 27, -2/199 HPs)
             Began as a Demonspawn Fighter on Aug 6, 2020.
             Was the Champion of Okawaru.
             Killed from afar by a starcursed mass (7 damage)
             ... with an accursed screaming
             ... summoned by a gelid corrupter
             ... on level 8 of a ziggurat.
             The game lasted 03:01:47 (65279 turns).

galech the Conqueror (Demonspawn Fighter)          Turns: 65279, Time: 03:01:48

Health: -2/199     AC: 54    Str: 35    XL:     27
Magic:  0/40       EV: 22    Int:  9    God:    Okawaru [******]
Gold:   12296      SH: 43    Dex: 21    Spells: 26/26 levels left
                                        Lives:  0   Deaths: 2

rFire    + + .     SeeInvis +   g - +8 mithril axe "Arga" {speed, MR+}
rCold    + . .     Gourm    .   a - +18 shield of the Gong {rElec rN+ MR+ EV-5}
rNeg     + + +     Faith    .   Z - +8 plate armour "Nistilir" {*Contam +Blink Str+7 Slay+3}
rPois    +         Spirit   +   (helmet unavailable)
rElec    +         Reflect  +   q - +2 cloak {rPois}
rCorr    .         Harm     .   Y - +2 pair of gloves of Pior {rElec rPois}
MR       ++++.                  J - +2 pair of boots of Follow the Leader {*Drain rN+ Str+2}
Stlth    +++.......             x - amulet of Reypn {Reflect rC+ Slay+2 SH+4 Stlth+}
HPRegen  3.43/turn              S - ring of Jeogo {rF+ Slay+5}
MPRegen  0.54/turn              O - ring of Contentment {rN+ EV+3 Dex+4}

@: heroism, finesse, sanguine armour, very slightly contaminated, studying
Unarmed Combat
A: antennae 3, fire resistance 1, hurl hellfire, [frail 2], powered by death 3,
magic shield, magic regeneration, magic link, flame cloud immunity, sanguine
armour 3
}: 5/15 runes: serpentine, barnacled, slimy, silver, golden
a: Hurl Hellfire, Heroism, Finesse, Renounce Religion, Evoke Blink


You were on level 8 of a ziggurat.
You worshipped Okawaru.
Okawaru was exalted by your worship.
You were hungry.

You visited 13 branches of the dungeon, and saw 48 of its levels.
You visited the Abyss 2 times.
You visited 2 ziggurats (completing 1), and saw 35 of their levels.
You also visited: Gauntlet, Wizlab and Desolation.

You collected 12566 gold pieces.
You spent 270 gold pieces at shops.

Inventory:

Hand Weapons
 g - the +8 mithril axe "Arga" (weapon) {speed, MR+}
   (Okawaru gifted it to you on level 2 of the Abyss)

   Attacks with this weapon are significantly faster.
   It affects your resistance to hostile enchantments.
Armour
 a - the +18 shield of the Gong (worn) {rElec rN+ MR+ EV-5}
   (You found it on level 3 of the Elven Halls)

   It affects your evasion (-5).
   It insulates you from electricity.
   It protects you from negative energy.
   It affects your resistance to hostile enchantments.
 q - a +2 cloak of poison resistance (worn)
 G - the +3 warlock's mirror {reflect}
   (Okawaru gifted it to you on level 5 of the Lair of Beasts)
 J - the +2 pair of boots of Follow the Leader (worn) {*Drain rN+ Str+2}
   (Okawaru gifted it to you on level 1 of the Crypt)

   It affects your strength (+2).
   It protects you from negative energy.
   It causes draining when unequipped.
 L - a +1 pair of boots of flying
 R - a +2 pair of boots of running
 Y - the +2 pair of gloves of Pior (worn) {rElec rPois}
   (Okawaru gifted it to you on level 3 of the Vaults)

   It insulates you from electricity.
   It protects you from poison.
 Z - the +8 plate armour "Nistilir" (worn) {*Contam +Blink Str+7 Slay+3}
   (You found it in the Desolation of Salt)

   It affects your strength (+7).
   It affects your accuracy and damage with ranged weapons and melee attacks
   (+3).
   It lets you blink.
   It causes magical contamination when unequipped.
Jewellery
 h - the ring "Dapnauj" {+Inv MR+ Str+7 Stlth+}
   (You found it in the Desolation of Salt)

   [ring of protection from magic]

   It affects your strength (+7).
   It affects your resistance to hostile enchantments.
   It lets you turn invisible.
   It makes you more stealthy.
 t - the ring "Gurubelo" {+Inv rElec MR+ Int+3 Slay+3}
   (You found it on level 2 of the Lair of Beasts)

   [ring of insulation]

   It affects your intelligence (+3).
   It affects your accuracy and damage with ranged weapons and melee attacks
   (+3).
   It insulates you from electricity.
   It affects your resistance to hostile enchantments.
   It lets you turn invisible.
 x - the amulet of Reypn (around neck) {Reflect rC+ Slay+2 SH+4 Stlth+}
   (You found it in the Desolation of Salt)

   [amulet of reflection]

   It shields you and reflects attacks.
   It affects your accuracy and damage with ranged weapons and melee attacks
   (+2).
   It protects you from cold.
   It affects your SH (+4).
   It makes you more stealthy.
 F - an uncursed ring of resist corrosion
 I - the amulet of the Air {Inacc +Fly rElec EV+5 RMsl}
   (You found it in a Gauntlet)

   [amulet of inaccuracy]

   It reduces the accuracy of all your attacks.
   It affects your evasion (+5).
   It insulates you from electricity.
   It lets you fly.
   It protects you from missiles.
 K - the ring of Itoramn {Wiz rC+ Dex+2 Slay+3 Stlth+}
   (You found it on level 27 of a ziggurat)

   [ring of wizardry]

   It improves your spell success rate.
   It affects your dexterity (+2).
   It affects your accuracy and damage with ranged weapons and melee attacks
   (+3).
   It protects you from cold.
   It makes you more stealthy.
 O - the ring of Contentment (right hand) {rN+ EV+3 Dex+4}
   (You found it on level 23 of a ziggurat)

   [ring of evasion]

   It affects your evasion (+3).
   It affects your dexterity (+4).
   It protects you from negative energy.
 S - the ring of Jeogo (left hand) {rF+ Slay+5}
   (You found it on level 21 of a ziggurat)

   [ring of protection from fire]

   It affects your accuracy and damage with ranged weapons and melee attacks
   (+5).
   It protects you from fire.
 T - the ring of the Scarab {rF- Str+4 Dex+5 Slay+3 SInv}
   (You found it on level 27 of a ziggurat)

   [ring of dexterity]

   It affects your strength (+4).
   It affects your dexterity (+5).
   It affects your accuracy and damage with ranged weapons and melee attacks
   (+3).
   It makes you vulnerable to fire.
   It lets you see invisible.
 X - the brooch of Shielding {Reflect SH+8}
   (You found it in the Desolation of Salt)

   [amulet of reflection]

   It shields you and reflects attacks.
   It affects your SH (+8).
Wands
 d - a wand of digging (57)
Scrolls
 n - 18 scrolls of enchant armour
 s - 32 scrolls of teleportation
 u - 2 scrolls of acquirement
 w - 6 scrolls of silence
 z - 41 scrolls of remove curse
 M - 7 scrolls of magic mapping
 U - 3 scrolls of blinking
 V - 19 scrolls of enchant weapon
Potions
 i - 12 potions of brilliance
 j - 2 potions of magic
 k - 13 potions of curing
 l - 2 potions of berserk rage
 m - 7 potions of cancellation
 p - a potion of ambrosia
 r - 2 potions of resistance
 v - a potion of agility
 A - 6 potions of haste
 B - 36 potions of mutation
 C - 8 potions of flight
 D - 6 potions of might
Books
 c - a manual of Unarmed Combat
 P - a manual of Unarmed Combat
Miscellaneous
 b - the horn of Geryon
 E - a +1 figurine of a ziggurat {!*}
Comestibles
 e - 65 rations {!d}
 f - 7 chunks of flesh


   Skills:
 O Level 27 Fighting
 O Level 27 Axes
   Level 1.2(23.8) Maces & Flails
   Level 6.2(24.4) Polearms
   Level 1.2(9.2) Staves
 + Level 24.6(27) Armour
 + Level 15.9(20.9) Dodging
 + Level 10.1(15.1) Stealth
 O Level 27 Shields
 + Level 26.0 Invocations
 + Level 0.8 Evocations


You had 26 spell levels left.
You didn't know any spells.
Your spell library contained the following spells:

 Spells                   Type           Power        Failure   Level  Hunger
 Throw Frost              Conj/Ice       #.....       77%         2    ####...
 Animate Skeleton         Necr           N/A          93%         1    None
 Apportation              Tloc           #.....       93%         1    None
 Beastly Appendage        Tmut           #.....       93%         1    None
 Blink Other              Tloc           #.....       93%         1    None
 Corona                   Hex            #......      93%         1    None
 Flame Tongue             Conj/Fire      #....        93%         1    None
 Freeze                   Ice            #.....       93%         1    None
 Infusion                 Chrm           #.......     93%         1    None
 Magic Dart               Conj           #...         93%         1    None
 Pain                     Necr           #.....       93%         1    None
 Sandblast                Erth           #.....       93%         1    None
 Shock                    Conj/Air       #....        93%         1    None
 Slow                     Hex            #.......     93%         1    None
 Sting                    Conj/Pois      #...         93%         1    None
 Summon Butterflies       Summ           #.......     93%         1    None
 Blink                    Tloc           N/A          98%         2    ####...
 Call Imp                 Summ           #.....       98%         2    ####...
 Corpse Rot               Necr           N/A          98%         2    ####...
 Ensorcelled Hibernation  Hex/Ice        #.....       98%         2    ####...
 Flaming Arrows           Chrm/Fire      #.......     98%         2    ####...
 Passwall                 Tmut/Erth      #.......     98%         2    ####...
 Poisonous Vapours        Pois/Air       #.....       98%         2    ####...
 Searing Ray              Conj           #.......     98%         2    ####...
 Shackle                  Hex            #.......     98%         2    ####...
 Song of Slaying          Chrm           #.......     98%         2    ####...
 Sticks to Snakes         Tmut           #.......     98%         2    ####...
 Sublimation of Blood     Necr           #.........   98%         2    ####...
 Swiftness                Chrm/Air       #.......     98%         2    ####...
 Beckoning                Tloc           #.........   100%        3    #####..
 Call Canine Familiar     Summ           #.......     100%        3    #####..
 Confuse                  Hex            #.......     100%        3    #####..
 Conjure Flame            Conj/Fire      #.......     100%        3    #####..
 Dazzling Orbs            Conj/Hex       #......      100%        3    #####..
 False Image              Hex/Summ       #.......     100%        3    #####..
 Ignite Poison            Fire/Tmut/Pois #.......     100%        3    #####..
 Inner Flame              Hex/Fire       N/A          100%        3    #####..
 Iskenderun's Mystic Bla  Conj           #.......     100%        3    #####..
 Mephitic Cloud           Conj/Pois/Air  #.......     100%        3    #####..
 Ozocubu's Armour         Chrm/Ice       #.......     100%        3    #####..
 Portal Projectile        Tloc           #.....       100%        3    #####..
 Recall                   Summ/Tloc      N/A          100%        3    #####..
 Regeneration             Chrm/Necr      #.........   100%        3    #####..
 Spectral Weapon          Hex/Chrm       #.......     100%        3    #####..
 Spider Form              Tmut/Pois      #..          100%        3    #####..
 Static Discharge         Air            #.......     100%        3    #####..
 Stone Arrow              Conj/Erth      #.....       100%        3    #####..
 Teleport Other           Tloc           #.......     100%        3    #####..
 Tukima's Dance           Hex            #.......     100%        3    #####..
 Vampiric Draining        Necr           #.........   100%        3    #####..
 Airstrike                Air            #.........   100%        4    ######.
 Animate Dead             Necr           N/A          100%        4    ######.
 Cause Fear               Hex            #.........   100%        4    ######.
 Force Lance              Tloc           #.......     100%        4    ######.
 Fulminant Prism          Conj/Hex       #.........   100%        4    ######.
 Ice Form                 Ice/Tmut       #.......     100%        4    ######.
 Olgreb's Toxic Radiance  Pois           #........    100%        4    ######.
 Petrify                  Tmut/Erth      #.........   100%        4    ######.
 Sticky Flame             Conj/Fire      #.......     100%        4    ######.
 Summon Ice Beast         Ice/Summ       #.......     100%        4    ######.
 Summon Scorpions         Summ/Pois      #.......     100%        4    ######.
 Throw Icicle             Conj/Ice       #.......     100%        4    ######.
 Tree Form                Hex/Tmut       N/A          100%        4    ######.
 Yara's Violent Unravell  Hex/Tmut       #.........   100%        4    ######.
 Agony                    Necr           #.......     100%        5    #######
 Aura of Abjuration       Summ           #.........   100%        5    #######
 Bolt of Draining         Conj/Necr      #.........   100%        5    #######
 Bolt of Magma            Conj/Fire/Erth #.........   100%        5    #######
 Dispel Undead            Necr           #.......     100%        5    #######
 Fireball                 Conj/Fire      #.........   100%        5    #######
 Irradiate                Conj/Tmut      #.........   100%        5    #######
 Iskenderun's Battlesphe  Conj/Chrm      #.......     100%        5    #######
 Lee's Rapid Deconstruct  Erth           #.........   100%        5    #######
 Lightning Bolt           Conj/Air       #.........   100%        5    #######
 Metabolic Englaciation   Hex/Ice        #.........   100%        5    #######
 Passage of Golubria      Tloc           N/A          100%        5    #######
 Piercing Shot            Chrm           #.........   100%        5    #######
 Silence                  Hex/Air        #.........   100%        5    #######
 Summon Demon             Summ           #.........   100%        5    #######
 Summon Forest            Summ/Tloc      #.........   100%        5    #######
 Summon Lightning Spire   Summ/Air       #.......     100%        5    #######
 Summon Mana Viper        Hex/Summ       #.......     100%        5    #######
 Venom Bolt               Conj/Pois      #.........   100%        5    #######
 Bolt of Cold             Conj/Ice       #.........   100%        6    #######
 Bolt of Fire             Conj/Fire      #.........   100%        6    #######
 Borgnjor's Vile Clutch   Necr/Erth      #.........   100%        6    #######
 Conjure Ball Lightning   Conj/Air       #.........   100%        6    #######
 Darkness                 Hex            #.........   100%        6    #######
 Death Channel            Chrm/Necr      #.........   100%        6    #######
 Deflect Missiles         Chrm/Air       #.........   100%        6    #######
 Dispersal                Tloc           #.........   100%        6    #######
 Freezing Cloud           Ice/Air        #.........   100%        6    #######
 Infestation              Hex/Tmut/Pois  #........    100%        6    #######
 Iron Shot                Conj/Erth      #.........   100%        6    #######
 Ozocubu's Refrigeration  Ice            #.........   100%        6    #######
 Poison Arrow             Conj/Pois      #.........   100%        6    #######
 Shadow Creatures         Summ           N/A          100%        6    #######
 Simulacrum               Ice/Necr       #.........   100%        6    #######
 Statue Form              Tmut/Erth      #........    100%        6    #######
 Steam Barrier            Chrm/Fire      #.........   100%        6    #######
 Summon Hydra             Summ           #.........   100%        6    #######
 Controlled Blink         Tloc           #.......     100%        7    #######
 Dragon Form              Tmut           #......      100%        7    #######
 Haunt                    Necr/Summ      #.........   100%        7    #######
 Icicle Burst             Conj/Ice       #.........   100%        7    #######
 Malign Gateway           Summ/Tloc      #.........   100%        7    #######
 Mana Rupture             Conj/Hex       #.........   100%        7    #######
 Monstrous Menagerie      Summ           #.........   100%        7    #######
 Orb of Destruction       Conj           #.........   100%        7    #######
 Spellforged Servitor     Conj/Summ      #.........   100%        7    #######
 Summon Greater Demon     Summ           #.........   100%        7    #######
 Borgnjor's Revivificati  Necr           #.........   100%        8    #######
 Chain Lightning          Conj/Air       #.........   100%        8    #######
 Discord                  Hex            #.........   100%        8    #######
 Glaciate                 Conj/Ice/Air   #.........   100%        8    #######
 Ignition                 Fire           #.........   100%        8    #######
 Lehudib's Crystal Spear  Conj/Erth      #.........   100%        8    #######
 Necromutation            Tmut/Necr      #.......     100%        8    #######
 Summon Horrible Things   Summ           #.........   100%        8    #######
 Time Stop                Chrm/Tloc      N/A          100%        8    #######
 Dragon's Call            Summ           #.........   100%        9    #######
 Fire Storm               Conj/Fire      #.........   100%        9    #######
 Shatter                  Erth           #.........   100%        9    #######
 Tornado                  Air            #.........   100%        9    #######


Dungeon Overview and Level Annotations

Branches:
Dungeon (12/12)            Temple (1/1) D:5            Lair (6/6) D:7
 Shoals (3/3) Lair:4        Snake (3/3) Lair:4        Slime (5/5) Lair:6
    Orc (1/1) D:9             Elf (3/3) Orc          Vaults (3/3) D:12
  Crypt (2/2) Vaults:2       Tomb (3/3) Crypt:2      Depths (5/5) D:12
   Hell (1/1)                 Dis (0/2) Hell            Geh (0/2) Hell
    Coc (0/2) Hell            Tar (0/2) Hell            Zot (0/5) Depths:5

Altars:
Ashenzari
Cheibriados
Dithmenos
Elyvilon
Fedhas
Gozag
Hepliaklqana
Kikubaaqudgha
Lugonu
Makhleb
Nemelex Xobeh
Okawaru
Qazlal
Ru
Sif Muna
Trog
Uskayaw
Vehumet
Wu Jian
Xom
Yredelemnul
Zin
The Shining One
Beogh
Jiyva

Shops:
D:9 %   D:11 =   Orc }[((   Elf:2 }   Vaults:1 *   Vaults:2 ?

Portals:
Hell: Depths:1 Depths:2 Depths:3 Depths:4 Depths:5
Abyss: Depths:1 Depths:4
Pandemonium: Depths:1 Depths:2 Depths:3


Innate Abilities, Weirdness & Mutations

You have a pair of large antennae on your head. (SInv)
Your flesh is heat resistant. (rF+)
You can hurl hellfire.
You regenerate a lot of health from kills.
When hurt, damage is shared between your health and your magic reserves.
You regenerate magic rapidly.
When low on magic, you restore magic in place of health.
You are immune to clouds of flame.
When seriously injured, your bleeding wounds create very thick armour. (AC +12)
[You are very frail. (-20% HP)]


Message History

* * * LOW HITPOINT WARNING * * *
You barely miss the shadow demon.
The shadow demon is almost dead.
You slash the Ice Fiend! You slash the Brimstone Fiend!
You slash the Executioner!
The shadow demon gestures.
You block the orange demon's attack.
GONNNNG!
You block the Executioner's attack.
SHROANNG!
You block the Executioner's attack.
BONNNG!
You block the Executioner's attack.
GONNNNG!
The blizzard demon waves its arms in wide circles.
The air twists around and strikes you!
* * * LOW HITPOINT WARNING * * *
A starcursed mass splits.
A cacophony of accursed wailing tears at your sanity!
You die...

▓▓▓▓▓▓▓▓▓▓▓
▓▓XX§......▓▓
▓▓.XX.X......▓▓
▓▓|4XXXX.......▓▓
▓▓∩16.3X54.......▓▓
▓}@1616243......∩.▓
▓▓611233§X.......▓▓
▓▓224164.......▓▓
▓▓4212.......▓▓
▓▓5........▓▓
▓▓▓▓▓▓▓▓▓▓▓


You could see 11 starcursed masses, a Hell Sentinel, a Shadow Fiend, a Brimstone
Fiend, 3 Ice Fiends, a cacodemon, an infernal warmonger, a reaper, a green
death, a gelid corrupter, an Executioner, a blizzard demon, a monstrous blood
saint, 2 sun demons, 2 shadow demons, a gelid demonspawn, a torturous
demonspawn, 3 orange demons, an ice devil, a sixfirhy, a ynoxinul, 2 chaos spawn
and 2 ufetubi.

Vanquished Creatures
  the Royal Jelly (Slime:5)
  11 juggernauts
  Mennas (Tomb:1)
  Mara (Snake:3)
  11 ancient liches
  14 pandemonium lords
  7 Killer Klowns
  32 greater mummies
  A shard shrike (shapeshifter) (Vaults:3)
  15 golden dragons
  Saint Roka (Elf:2)
  Bai Suzhen (Vaults:3)
  Geryon (Hell)
  10 caustic shrikes
  Nikola (Snake:1)
  9 bone dragons
  A mutant beast (WizLab)
  A profane servitor (Zig:20)
  A Shadow Fiend (Zig:8)
  3 hellephants
  15 tentacled monstrosities
  Jorgrun (Elf:2)
  A shard shrike skeleton (Crypt:2)
  2 quicksilver dragons (shapeshifter) (Zig:21)
  4 titans
  3 Hell Sentinels
  13 liches
  16 sphinxes
  A deep elf master archer (Elf:3)
  12 ancient champions
  An eldritch tentacle (Zig:21)
  5 deep elf blademasters
  48 acid blobs
  17 tentacled starspawn
  A sphinx (shapeshifter) (WizLab)
  3 Executioners
  Frances (Shoals:1)
  Donald (Elf:1)
  2 shadow dragons
  Kirke (Shoals:1)
  3 storm dragons
  Agnes (Elf:2)
  20 nagarajas
  2 shadow dragons (shapeshifter) (Zig:21)
  7 tengu reavers
  5 revenants
  A daeva (Zig:1)
  5 balrugs
  A storm dragon (shapeshifter) (Vaults:1)
  15 azure jellies
  5 draconian monks
  A frost giant (shapeshifter) (Zig:21)
  7 draconian knights
  14 frost giants
  Roxanne (Snake:1)
  Louise (Elf:2)
  11 fire giants
  4 ghost moths
  14 vault wardens
  15 orc warlords
  15 deep elf sorcerers
  9 draconian scorchers
  An iron dragon (Depths:2)
  Aizul (Elf:1)
  7 emperor scorpions
  2 imperial myrmidons (Desolation)
  2 ghost moths (shapeshifter)
  7 draconian stormcallers (Zig:24)
  A curse skull (Zig:8)
  18 stone giants
  A stone giant (shapeshifter) (Zig:21)
  6 draconian shifters (Zig:24)
  2 deep elf elementalists (Elf:3)
  3 angels
  8 reapers
  11 ghouls
  A caustic shrike skeleton (Zig:5)
  10 ironheart preservers
  9 draconian annihilators
  An ophan (Abyss:5)
  6 spriggan defenders
  47 very ugly things
  4 bennus (Tomb:3)
  2 war gargoyles (Vaults:3)
  5 blood saints
  A corrupter (Zig:20)
  9 deep elf demonologists
  2 entropy weavers
  6 vampire knights
  3 green draconians (Zig:24)
  4 lorocyprocas
  6 black draconians
  A minotaur (Gauntlet)
  A yellow draconian (Zig:24)
  2 spark wasps (Depths:4)
  6 white draconians
  15 deep elf annihilators
  3 purple draconians (Zig:24)
  3 halazid warlocks (Desolation)
  A red draconian (Abyss:5)
  23 merfolk javelineers
  Snorg (D:11)
  12 deep elf death magi
  4 dire elephants
  22 ettins
  7 ragged hierophants (Desolation)
  11 death oozes
  15 fire dragons
  25 mummy priests
  9 jiangshi
  4 crystal guardians
  27 green deaths
  9 eidola
  9 merfolk impalers
  13 yaktaur captains
  2 great orbs of eyes (shapeshifter)
  14 great orbs of eyes
  7 deep elf high priests
  5 shambling mangroves
  6 servants of whispers (Desolation)
  Psyche (D:8)
  32 hydras
  3 quicksilver dragon skeletons
  A kraken zombie (Hell)
  14 naga warriors
  Erolcha (D:9)
  10 peacekeepers (Desolation)
  26 vault guards
  Fannar (D:12)
  2 spriggan air magi
  17 rakshasas
  10 anacondas
  7 ice dragons
  2 catoblepae
  10 centaur warriors
  9 alligator snapping turtles
  2 merfolk avatars
  26 merfolk aquamancers
  A satyr (Shoals:2)
  A satyr (shapeshifter) (WizLab)
  A death yak (shapeshifter) (Zig:21)
  A two-headed ogre (shapeshifter) (Zig:17)
  4 alligators
  5 death knights
  9 deep troll shamans
  32 two-headed ogres
  11 ogre magi
  31 dancing weapons
  2 alligator snapping turtles (shapeshifter)
  26 death scarabs
  11 deep troll earth magi
  13 thrashing horrors
  11 sea snakes
  7 vampire magi
  7 death yaks
  33 deep elf knights
  11 hell hogs
  6 spriggan berserkers
  14 orc high priests
  A tengu warrior (Depths:4)
  17 naga sharpshooters
  4 shock serpents
  36 deep trolls
  5 soul eaters
  A titan skeleton (Crypt:2)
  A fire crab (Lair:6)
  An iron golem (WizLab)
  8 spatial maelstroms
  49 skeletal warriors
  33 wretched stars
  17 sun demons
  3 salamander mystics
  2 sixfirhies
  A hell knight (Zig:17)
  14 iron trolls
  3 shadow wraiths
  18 death drakes (Zig:27)
  An iron giant zombie (Crypt:2)
  6 flayed ghosts
  An unseen horror (shapeshifter) (Zig:20)
  2 golden dragon zombies (Abyss:5)
  An anaconda zombie (Hell)
  A shadow demon (Abyss:5)
  5 spriggan druids
  6 glowing orange brains
  A tengu zombie (Zig:6)
  2 unseen horrors (D:8)
  A storm dragon skeleton (Crypt:2)
  An infernal demonspawn (Depths:2)
  A swamp dragon (shapeshifter) (WizLab)
  A lindwurm (shapeshifter) (Vaults:3)
  11 wizards
  11 swamp dragons
  2 anaconda skeletons
  13 deep elf archers
  2 cyclopes (shapeshifter)
  3 naga ritualists
  10 cyclopes
  2 shadow dragon zombies
  2 golden dragon skeletons (Crypt:2)
  A sphinx zombie (Zig:6)
  2 orc knights
  6 lindwurms
  18 phantasmal warriors
  11 necromancers
  3 mana vipers (shapeshifter)
  A frost giant zombie (Zig:4)
  29 harpies
  23 ironbrand convokers
  7 mana vipers
  2 harpies (shapeshifter)
  75 ugly things
  3 wolf spiders
  An oklob plant (Lair:1)
  3 fauns (shapeshifter)
  4 fauns
  14 shining eyes
  11 orc sorcerers
  A fire giant zombie (Zig:4)
  2 shining eyes (shapeshifter)
  20 manticores
  4 stone giant zombies
  75 deep elf magi
  44 black mambas
  7 worldbinders
  5 centaur zombies
  4 fire giant skeletons
  3 elephants (Lair:2)
  8 merfolk sirens
  A moth of wrath (shapeshifter) (Depths:5)
  6 salamanders
  2 manticores (shapeshifter)
  11 moths of wrath
  2 stone giant skeletons (Crypt:2)
  Maurice (D:10)
  13 naga magi
  An ice statue (Hell)
  10 apocalypse crabs
  Joseph (D:8)
  3 frost giant skeletons
  18 water nymphs
  5 eyes of devastation
  3 water nymphs (shapeshifter)
  3 guardian serpents (shapeshifter)
  17 vault sentinels
  4 torpor snails
  20 guardian serpents
  5 orange demons
  4 rust devils
  33 smoke demons
  4 kobold demonologists
  A minotaur zombie (Gauntlet)
  4 molten gargoyles
  A gargoyle (D:12)
  3 rime drakes
  4 demonic crawlers
  18 cane toads
  2 komodo dragons (shapeshifter)
  6 freezing wraiths
  4 hellions
  15 komodo dragons
  2 rime drakes (shapeshifter)
  11 ice devils
  2 spriggan zombies
  3 tormentors
  6 hellwings
  5 red devils
  2 elves (WizLab)
  45 yaktaurs
  A queen bee (shapeshifter) (WizLab)
  2 efreet
  51 guardian mummies
  23 ancient zymes
  4 trolls
  3 hydra zombies (Hell)
  A harpy zombie (Abyss:2)
  56 merfolk
  4 jumping spiders
  A harpy skeleton (D:11)
  3 wind drakes
  2 hydra skeletons (Crypt:2)
  A hornet (shapeshifter) (WizLab)
  A moth of wrath zombie (Crypt:1)
  A wolf spider simulacrum (D:12)
  A tengu conjurer (Depths:4)
  A troll (shapeshifter) (Vaults:1)
  47 raiju
  A death drake skeleton (Crypt:2)
  A slime creature (shapeshifter) (WizLab)
  3 polar bears
  80 slime creatures
  Grinder (D:3)
  7 dream sheep
  21 blink frogs
  6 bog bodies
  A fire dragon zombie (Depths:1)
  15 hornets
  12 snapping turtles
  62 saltlings (Desolation)
  An alligator zombie (Hell)
  2 hippogriffs (shapeshifter) (WizLab)
  A blink frog (shapeshifter) (D:11)
  43 flying skulls
  17 hippogriffs
  A stone giant simulacrum (Depths:1)
  108 starcursed masses
  5 air elementals
  3 redbacks (shapeshifter)
  29 water elementals
  2 spriggans (shapeshifter) (WizLab)
  5 vampires
  15 ynoxinuls
  2 alligator skeletons
  23 redbacks
  A human (shapeshifter) (Abyss:2)
  An ice dragon skeleton (Tomb:1)
  A shadow (Crypt:2)
  2 tarantellas
  A tarantella (shapeshifter) (WizLab)
  3 wyverns (shapeshifter)
  A fire dragon skeleton (Crypt:2)
  40 yaks
  6 basilisks
  5 ettin skeletons
  22 spriggans
  A golden eye (shapeshifter) (Elf:2)
  12 fire elementals
  33 ushabtiu
  7 wyverns
  74 large abominations
  4 hungry ghosts
  A hog (Shoals:1)
  4 humans (WizLab)
  2 fire bats (Abyss:3)
  5 golden eyes
  9 wraiths
  18 neqoxecs
  A yak (shapeshifter) (WizLab)
  16 chaos spawn
  3 human simulacra
  6 vampire mosquitoes
  2 steam dragons (Lair:6)
  Menkaure (D:5)
  A spatial vortex (Abyss:5)
  23 crocodiles
  55 nagas
  7 soldier ants
  11 wargs
  26 hell hounds
  4 insubstantial wisps
  50 small abominations
  A faun skeleton (Crypt:2)
  19 water moccasins
  4 floating eyes (WizLab)
  A cane toad zombie (Hell)
  17 porcupines
  2 ice beasts
  An infernal demonspawn zombie (Crypt:2)
  A floating eye (shapeshifter) (WizLab)
  28 orc warriors
  A porcupine (shapeshifter) (Abyss:5)
  2 swamp drakes (Zig:2)
  6 sky beasts
  An ice dragon simulacrum (Abyss:5)
  A hornet zombie (D:8)
  A blink frog zombie (Crypt:1)
  2 phantoms
  10 necrophages
  2 black bears
  9 eyes of draining
  A tengu (shapeshifter) (WizLab)
  8 boggarts
  2 eyes of draining (shapeshifter) (WizLab)
  A cane toad skeleton (Crypt:2)
  A snapping turtle skeleton (Abyss:1)
  46 ogres
  A manticore skeleton (Crypt:2)
  4 wolves (Lair:4)
  A blink frog skeleton (Crypt:1)
  15 centaurs
  A salamander zombie (Crypt:1)
  3 big kobolds (shapeshifter)
  14 bullfrogs
  A yaktaur zombie (Crypt:1)
  A draconian skeleton (Crypt:1)
  A deep troll simulacrum (Vaults:3)
  6 earth elementals
  A water moccasin zombie (D:4)
  A scorpion (D:6)
  A warg skeleton (Crypt:2)
  14 killer bees
  4 wights (D:12)
  9 howler monkeys
  2 raiju skeletons (Crypt:1)
  6 electric eels (D:11)
  5 lava snakes (Lair:6)
  10 crimson imps
  8 jellies
  6 hounds
  15 orc priests
  3 quasits
  A human zombie (Abyss:3)
  2 bullfrog skeletons
  6 centaur skeletons
  2 iron imps
  A human skeleton (Crypt:2)
  Terence (D:3)
  An iguana (D:5)
  13 orc wizards
  12 hell rats
  19 worker ants
  A sky beast zombie (Crypt:1)
  A naga skeleton (Crypt:2)
  A hound zombie (D:8)
  The ghost of dscm the Sneak, a weakling OpAc (D:3)
  49 mummies
  A howler monkey zombie (D:8)
  3 gnolls (D:7)
  A swamp drake zombie (Crypt:2)
  15 adders
  6 shadow imps
  5 white imps
  3 ufetubi
  2 oozes
  An adder zombie (D:6)
  A halfling zombie (Crypt:1)
  An adder skeleton (D:8)
  2 worms
  A worm (shapeshifter) (Zig:17)
  6 dart slugs
  4 leopard geckos
  73 orcs
  4 giant cockroaches
  4 goblins
  5 hobgoblins
  6 jackals
  3 quokkas
  A ball python (D:2)
  A bat (shapeshifter) (WizLab)
  5 bats
  7 frilled lizards
  7 kobolds
  A kobold skeleton (Crypt:2)
  An orc skeleton (Crypt:2)
  A quokka skeleton (D:4)
  2 rats
  4 bushes (Lair:1)
  5 fungi (Lair:6)
  A macabre mass (Abyss:3)
  2 pillars of salt (Vaults:1)
  12 plants
  11 starspawn tentacles
  A tentacle (Hell)
4020 creatures vanquished.

Vanquished Creatures (others)
  Vashnia (Snake:2)
  A revenant (Tomb:2)
  A nagaraja (Zig:26)
  A frost giant (Vaults:3)
  4 stone giants
  2 bennus (Tomb:2)
  A deep elf annihilator (Elf:2)
  2 merfolk javelineers
  3 yaktaur captains
  A centaur warrior (Vaults:2)
  An alligator snapping turtle (shapeshifter) (Zig:21)
  A merfolk avatar (Shoals:1)
  A hell hog (Abyss:5)
  A naga sharpshooter (Snake:2)
  A wretched star (Abyss:3)
  Sonja (Lair:1)
  2 deep elf archers
  A cyclops (Vaults:1)
  A deep elf mage (Elf:2)
  A faun (Shoals:1)
  A water nymph (Zig:22)
  6 yaktaurs
  4 guardian mummies (Tomb:2)
  2 merfolk (Shoals:1)
  3 flying skulls
  2 humans (Shoals:1)
  A fire elemental (Zig:10)
  An ushabti (Tomb:2)
  A neqoxec (Zig:7)
  A large abomination (Abyss:3)
  A hell hound (Depths:5)
  An orc warrior (Elf:1)
  A small abomination (Abyss:3)
  A crimson imp (D:11)
  An orc priest (D:6)
  2 hell rats (Hell)
  3 mummies (Tomb:2)
  A howler monkey skeleton (Crypt:2)
  An adder (D:11)
  A ball lightning (Tomb:3)
  4 orcs
  19 bushes
  9 fungi (Lair:6)
  4 lurking horrors
  40 plants
  20 starspawn tentacles
  4 tentacles (Hell)
  13 toadstools
176 creatures vanquished.

Grand Total: 4196 creatures vanquished

Notes
Turn   | Place    | Note
-------+----------+-------------------------------------------
     0 | D:1      | galech the Demonspawn Fighter began the quest for the Orb.
     0 | D:1      | Reached XP level 1. HP: 18/18 MP: 1/1
   112 | D:1      | Gained mutation: You have a pair of small antennae on your
                  | head. [demonic ancestry]
   112 | D:1      | Reached XP level 2. HP: 24/24 MP: 2/2
   258 | D:1      | Got a warped tin ring
   294 | D:1      | Identified the ring "Torchoci" {+Fly Str+2} (You found it
                  | on level 1 of the Dungeon)
   875 | D:2      | Gained mutation: When seriously injured, your bleeding
                  | wounds create armour. (AC +12) [demonic ancestry]
   875 | D:2      | Reached XP level 3. HP: 29/29 MP: 3/3
  1153 | D:2      | Found a faded altar of an unknown god.
  1691 | D:3      | Noticed Grinder
  1694 | D:3      | Reached XP level 4. HP: 35/35 MP: 4/4
  1702 | D:3      | Killed Grinder
  1702 | D:3      | Reached XP level 5. HP: 17/41 MP: 5/5
  1992 | D:3      | Noticed Terence
  2005 | D:3      | Killed Terence
  2005 | D:3      | Gained mutation: When hurt, damage is shared between your
                  | health and your magic reserves. [demonic ancestry]
  2005 | D:3      | Reached XP level 6. HP: 47/47 MP: 6/6
  2006 | D:3      | Found a large runed translucent door.
  2006 | D:3      | Found a large runed translucent door.
  2020 | D:3      | Noticed dscm's ghost (weakling OpAc)
  2432 | D:4      | Noticed a sky beast
  2447 | D:4      | Killed a sky beast
  2549 | D:4      | Reached skill level 1 in Dodging
  2567 | D:4      | Gained mutation: You have a pair of antennae on your head.
                  | [demonic ancestry]
  2567 | D:4      | Reached XP level 7. HP: 24/53 MP: 4/7
  2874 | D:4      | Found a shimmering altar of Xom.
  3246 | D:4      | Reached skill level 5 in Axes
  3345 | D:4      | Got a buzzing mace
  3346 | D:4      | Identified the +6 mace "Mosucent" {crush, rElec rN+ Dex+4}
                  | (You found it on level 4 of the Dungeon)
  3975 | D:5      | Entered Level 5 of the Dungeon
  4000 | D:5      | Noticed a yak
  4019 | D:5      | Killed a yak
  4019 | D:5      | Reached skill level 5 in Shields
  4030 | D:5      | Gained mutation: You regenerate a little health from kills.
                  | [demonic ancestry]
  4030 | D:5      | Reached XP level 8. HP: 4/61 MP: 2/8
  4213 | D:5      | Found a runed gate.
  4213 | D:5      | Found a runed gate.
  4216 | D:5      | Found a runed gate.
  4227 | D:5      | Found a runed door.
  4525 | D:5      | Found a staircase to the Ecumenical Temple.
  4528 | D:5      | Noticed Menkaure
  4534 | Temple   | Entered the Ecumenical Temple
  4629 | Temple   | Became a worshipper of Warmaster Okawaru
  4668 | D:5      | Killed Menkaure
  4815 | D:5      | Reached skill level 1 in Maces & Flails
  4875 | D:5      | Found the +9 staff of Olgreb {rPois}
  4909 | D:5      | Found a runed door.
  5202 | D:6      | Reached * piety under Okawaru
  5397 | D:6      | Reached skill level 5 in Fighting
  5485 | D:6      | Reached skill level 5 in Armour
  5624 | D:6      | Found a snail-covered altar of Cheibriados.
  5675 | D:6      | Reached XP level 9. HP: 63/68 MP: 7/9
  6265 | D:7      | Reached ** piety under Okawaru
  6444 | D:7      | Found a staircase to the Lair.
  6694 | D:7      | Reached skill level 1 in Stealth
  6727 | D:7      | Got a smoking copper ring
  6743 | D:7      | Identified the ring of Xusi {Ice Str+4} (You found it on
                  | level 7 of the Dungeon)
  6783 | D:7      | Found a shadowy altar of Dithmenos.
  6897 | D:8      | Noticed Psyche
  7021 | D:8      | Killed Psyche
  7021 | D:8      | Reached *** piety under Okawaru
  7021 | D:8      | Reached XP level 10. HP: 74/76 MP: 10/10
  7116 | D:8      | Reached **** piety under Okawaru
  7477 | D:8      | Noticed a centaur warrior
  7492 | D:8      | Killed a centaur warrior
  7737 | D:8      | Found a large runed door.
  7737 | D:8      | Found a large runed door.
  7739 | D:8      | Noticed a cyclops
  7747 | D:8      | Killed a cyclops
  7747 | D:8      | Reached skill level 1 in Invocations
  7750 | D:8      | Killed an unseen horror
  7765 | D:8      | Killed an unseen horror
  7765 | D:8      | Reached ***** piety under Okawaru
  7877 | D:8      | Found the +10 sword of Jihad {holy, *Rage rN+ EV+3}
  7902 | D:8      | Found a large runed door.
  7902 | D:8      | Found a large runed door.
  7903 | D:8      | Noticed Joseph
  7940 | D:8      | Gained mutation: You have a pair of large antennae on your
                  | head. (SInv) [demonic ancestry]
  7940 | D:8      | Reached XP level 11. HP: 53/84 MP: 12/12
  8054 | D:8      | Noticed a deep elf mage
  8058 | D:8      | Killed a deep elf mage
  8058 | D:8      | Reached skill level 10 in Axes
  8361 | D:3      | Killed dscm's ghost
  8805 | D:9      | Reached skill level 5 in Dodging
  9114 | D:9      | Noticed Erolcha
  9124 | D:9      | Killed Erolcha
  9124 | D:9      | Reached skill level 1 in Staves
  9157 | D:9      | Found Uthrota's Food Shoppe.
  9200 | D:9      | Noticed a lindwurm
  9387 | D:9      | Noticed a lindwurm
  9395 | D:9      | Found a roughly hewn altar of Beogh.
  9409 | D:9      | Found a staircase to the Orcish Mines.
  9502 | D:9      | Noticed a lindwurm
  9531 | D:9      | Noticed a lindwurm
  9759 | D:10     | Entered Level 10 of the Dungeon
  9787 | D:10     | Noticed a two-headed ogre
  9795 | D:10     | Killed a two-headed ogre
  9795 | D:10     | Received a gift from Okawaru
  9822 | D:10     | Noticed an ogre mage
  9837 | D:10     | Killed an ogre mage
  9935 | D:10     | Noticed Maurice
  9943 | D:10     | Killed Maurice
  9967 | D:10     | Noticed a two-headed ogre
  9976 | D:10     | Killed a two-headed ogre
 10474 | D:11     | Noticed a centaur warrior
 10482 | D:11     | Killed a centaur warrior
 10482 | D:11     | Gained mutation: When seriously injured, your bleeding
                  | wounds create thick armour. (AC +12) [demonic ancestry]
 10482 | D:11     | Reached XP level 12. HP: 94/94 MP: 14/14
 10563 | D:11     | Found Rutsysh's Jewellery Shoppe.
 10565 | D:11     | Found a glowing golden altar of the Shining One.
 10774 | D:11     | Noticed a centaur warrior
 10793 | D:11     | Reached ****** piety under Okawaru
 10798 | D:11     | Received a gift from Okawaru
 10850 | D:11     | Noticed Snorg
 10872 | D:11     | Killed Snorg
 11035 | D:11     | Noticed a two-headed ogre
 11041 | D:11     | Killed a two-headed ogre
 11095 | D:11     | Noticed a centaur warrior
 11115 | D:11     | Killed a centaur warrior
 12047 | D:12     | Entered Level 12 of the Dungeon
 12120 | D:12     | Found a huge runed gate.
 12120 | D:12     | Found a huge runed gate.
 12120 | D:12     | Found a huge runed gate.
 12120 | D:12     | Found a huge runed gate.
 12123 | D:12     | Found a huge runed gate.
 12123 | D:12     | Found a huge runed gate.
 12124 | D:12     | Found a huge runed gate.
 12126 | D:12     | Found a huge runed gate.
 12127 | D:12     | Found a huge runed gate.
 12127 | D:12     | Found a huge runed gate.
 12133 | D:12     | Found a huge runed gate.
 12133 | D:12     | Found a huge runed gate.
 12133 | D:12     | Found a huge runed gate.
 12145 | D:12     | Found a huge runed gate.
 12145 | D:12     | Found a huge runed gate.
 12145 | D:12     | Found a huge runed gate.
 12146 | D:12     | Found a huge runed gate.
 12147 | D:12     | Found a huge runed gate.
 12147 | D:12     | Found a huge runed gate.
 12245 | D:12     | Noticed Fannar
 12257 | D:12     | Killed Fannar
 12419 | D:12     | Received a gift from Okawaru
 12421 | D:12     | Reached XP level 13. HP: 52/101 MP: 10/15
 12753 | D:12     | Found a staircase to the Depths.
 12911 | D:12     | Reached skill level 10 in Fighting
 12930 | D:12     | Found a gate to the Vaults.
 12945 | D:12     | Received a gift from Okawaru
 13285 | D:12     | Found a huge runed gate.
 13286 | D:12     | Found a huge runed gate.
 13287 | D:12     | Found a huge runed gate.
 13288 | D:12     | Found a huge runed gate.
 13289 | D:12     | Found a huge runed gate.
 13290 | D:12     | Found a huge runed gate.
 13291 | D:12     | Found a huge runed gate.
 13292 | D:12     | Found a huge runed gate.
 13293 | D:12     | Found a huge runed gate.
 13304 | D:12     | Found a huge runed gate.
 13304 | D:12     | Found a huge runed gate.
 13304 | D:12     | Found a huge runed gate.
 13433 | D:12     | Noticed an ettin
 13433 | D:12     | Noticed an ettin
 13433 | D:12     | Noticed an ettin
 13433 | D:12     | Noticed an ettin
 13433 | D:12     | Noticed a sphinx
 13433 | D:12     | Noticed an ettin
 13433 | D:12     | Noticed an ettin
 13434 | D:12     | Noticed an ettin
 13439 | D:12     | Killed an ettin
 13441 | D:12     | Killed an ettin
 13504 | D:12     | Paralysed by a sphinx for 3 turns
 13541 | D:12     | Killed an ettin
 13550 | D:12     | Killed an ettin
 13552 | D:12     | Paralysed by a sphinx for 2 turns
 13558 | D:12     | Killed a sphinx
 13564 | D:12     | Killed an ettin
 13571 | D:12     | Killed an ettin
 13582 | D:12     | HP: 1/104 [ettin/+0 dire flail (22)]
 13806 | D:11     | Reached skill level 5 in Invocations
 13921 | D:12     | Killed an ettin
 14090 | D:12     | Gained mutation: You regenerate magic rapidly. [demonic
                  | ancestry]
 14090 | D:12     | Reached XP level 14. HP: 82/111 MP: 17/17
 14343 | Lair:1   | Entered Level 1 of the Lair of Beasts
 14557 | Lair:1   | Received a gift from Okawaru
 14579 | Lair:1   | Got a slimy dagger {god gift}
 14591 | Lair:1   | Found a blossoming altar of Fedhas.
 14796 | Lair:1   | Noticed Sonja
 14799 | Lair:1   | Reached skill level 10 in Shields
 14810 | Lair:1   | Killed Sonja
 14866 | Lair:1   | Got a bloodstained leather armour
 15312 | Lair:2   | Got a coiled brass ring
 15314 | Lair:2   | Identified the ring "Gurubelo" {+Inv rElec MR+ Int+3
                  | Slay+3} (You found it on level 2 of the Lair of Beasts)
 15344 | Lair:2   | Identified the +3 leather armour of Feasting {rF+++ rC-
                  | Str+9 Dex-4} (You found it on level 1 of the Lair of
                  | Beasts)
 15700 | D:9      | Identified the Catalogue of Flamy Evil
 16069 | Lair:2   | Got an ichor-stained battleaxe
 16161 | Lair:2   | Got an encrusted scale mail
 16172 | Lair:2   | Identified the +1 scale mail "Tigicep" {rF+ rN+} (You found
                  | it on level 2 of the Lair of Beasts)
 16284 | Lair:2   | Got an ichor-stained flail
 16852 | Lair:3   | Received a gift from Okawaru
 17349 | Lair:3   | Got a silken robe
 17555 | Lair:4   | Found a staircase to the Shoals.
 17600 | Lair:4   | Found a staircase to the Snake Pit.
 17607 | Lair:4   | Reached skill level 15 in Axes
 17670 | Lair:4   | Identified the +0 robe of the Garden {rN+} (You found it on
                  | level 3 of the Lair of Beasts)
 18203 | Lair:5   | Found a gate leading to a gauntlet.
 18205 | Lair:5   | Received a gift from Okawaru
 18217 | Lair:5   | Got a shimmering broad axe {god gift}
 18259 | Gauntlet | Entered a Gauntlet
 18259 | Gauntlet | Found a transporter.
 18259 | Gauntlet | Found a transporter.
 18260 | Gauntlet | Identified the +9 broad axe of the Insatiable Curses
                  | {protect, Str+6 Int+3} (Okawaru gifted it to you on level 5
                  | of the Lair of Beasts)
 18297 | Gauntlet | Found a transporter.
 18301 | Gauntlet | Found a transporter.
 18311 | Gauntlet | Found a transporter.
 18315 | Gauntlet | Found a transporter.
 18326 | Gauntlet | Found the amulet of the Air {Inacc +Fly rElec EV+5 RMsl}
 18327 | Gauntlet | Found a transporter.
 18347 | Gauntlet | Found a transporter.
 18366 | Gauntlet | Found a transporter.
 18370 | Gauntlet | Found a transporter.
 18388 | Gauntlet | Found a transporter.
 18392 | Gauntlet | Found a transporter.
 18595 | Gauntlet | Gained mutation: Your flesh is heat resistant. (rF+)
                  | [demonic ancestry]
 18595 | Gauntlet | Reached XP level 15. HP: 120/120 MP: 19/19
 18631 | Gauntlet | Identified the ring of Mirth {+Blink rC+}
 18995 | Lair:5   | Received a gift from Okawaru
 18996 | Lair:5   | Found the +3 warlock's mirror {reflect}
 19122 | Lair:5   | Found a shadowy altar of Dithmenos.
 19491 | Lair:6   | Entered Level 6 of the Lair of Beasts
 19613 | Lair:6   | Found a viscous altar of Jiyva.
 19613 | Lair:6   | Found a staircase to the Slime Pits.
 19748 | Lair:6   | Identified Goli's Disquisition on Unholy Secrets and
                  | Orientation
 20140 | Lair:6   | Found a large runed door.
 20145 | Lair:6   | Found a large runed door.
 21041 | Orc      | Entered the Orcish Mines
 21206 | Orc      | Received a gift from Okawaru
 21248 | Orc      | Reached skill level 10 in Armour
 21326 | Orc      | Found a staircase to the Elven Halls.
 21406 | Orc      | Found Halor's Antique Armour Boutique.
 21406 | Orc      | Found Loykuj's Antique Weapon Emporium.
 21407 | Orc      | Found Piycuamm's Gadget Shoppe.
 21407 | Orc      | Found Keawoko's Weapon Boutique.
 21831 | Snake:1  | Entered Level 1 of the Snake Pit
 21880 | Snake:1  | Received a gift from Okawaru
 21880 | Snake:1  | Reached XP level 16. HP: 105/129 MP: 15/20
 21906 | Snake:1  | Got an encrusted buckler {god gift}
 21913 | Snake:1  | Identified the +0 buckler "Enekauv" {+Fly rC+} (Okawaru
                  | gifted it to you on level 1 of the Snake Pit)
 21992 | Snake:1  | Noticed Roxanne
 22008 | Snake:1  | Killed Roxanne
 22635 | Snake:1  | Noticed Nikola
 22656 | Snake:1  | Killed Nikola
 22826 | Snake:2  | Noticed Vashnia
 22847 | Snake:2  | Killed Vashnia
 23147 | Snake:2  | Received a gift from Okawaru
 23516 | Snake:3  | Entered Level 3 of the Snake Pit
 23632 | Snake:3  | Reached XP level 17. HP: 93/137 MP: 5/21
 23726 | Snake:3  | Received a gift from Okawaru
 23866 | Snake:3  | Got a heavily runed chain mail
 23877 | Snake:3  | Identified the +7 chain mail of Proximity {MR+ Int+3} (You
                  | found it on level 3 of the Snake Pit)
 23969 | Snake:3  | Got a serpentine rune of Zot
 24125 | Snake:3  | Noticed Mara
 24129 | Snake:3  | Noticed galech's illusion
 24566 | Snake:3  | Received a gift from Okawaru
 25194 | Snake:3  | Killed Mara
 25287 | Shoals:1 | Entered Level 1 of the Shoals
 25334 | Shoals:1 | Noticed Frances
 25360 | Shoals:1 | Killed Frances
 25579 | Shoals:1 | Noticed Kirke
 25603 | Shoals:1 | Killed Kirke
 26110 | Shoals:1 | Received a gift from Okawaru
 27234 | Shoals:3 | Entered Level 3 of the Shoals
 27262 | Shoals:3 | Gained mutation: When seriously injured, your bleeding
                  | wounds create very thick armour. (AC +12) [demonic
                  | ancestry]
 27262 | Shoals:3 | Reached XP level 18. HP: 146/147 MP: 17/23
 27344 | Shoals:3 | Got a barnacled rune of Zot
 28139 | Shoals:3 | Identified the +6 short sword "Yhovvyidin" {freeze, rElec
                  | Str+3}
 28667 | Depths:1 | Entered Level 1 of the Depths
 28690 | Depths:1 | Found a one-way gate to the infinite horrors of the Abyss.
 28692 | Depths:1 | Reached skill level 15 in Fighting
 28904 | Depths:1 | Found a gateway to Hell.
 28926 | Depths:1 | Found a gateway to a ziggurat.
 29147 | Depths:1 | Mangled by a reaper
 29148 | Depths:1 | Reached XP level 17. HP: -9/141 MP: 0/23
 29289 | Depths:1 | Found a one-way gate leading to the halls of Pandemonium.
 29453 | Depths:2 | Received a gift from Okawaru
 29520 | Depths:2 | Reached XP level 18. HP: 106/150 MP: 19/24
 30060 | Depths:2 | Noticed a lich
 30070 | Depths:2 | Noticed a Hell Sentinel
 30074 | Depths:2 | Killed a lich
 30291 | Depths:2 | Identified the ring "Duhuequ" {rC- MP+9 Dex+3 Stlth+}
 30310 | Depths:2 | Received a gift from Okawaru
 30310 | Depths:2 | Reached skill level 15 in Shields
 30441 | Depths:2 | Identified the Tome of Congealing Envenoming
 30991 | Depths:2 | Received a gift from Okawaru
 31404 | Elf:1    | Entered Level 1 of the Elven Halls
 31786 | Elf:1    | Gained mutation: When low on magic, you restore magic in
                  | place of health. [demonic ancestry]
 31786 | Elf:1    | Reached XP level 19. HP: 121/159 MP: 21/25
 32081 | Elf:1    | Identified the +8 ring mail of Creativity {Regen+}
 32307 | Elf:1    | Noticed Donald
 32320 | Elf:1    | Killed Donald
 32423 | Elf:1    | Found a runed translucent gate.
 32423 | Elf:1    | Found a runed translucent gate.
 32423 | Elf:1    | Found a runed translucent gate.
 32423 | Elf:1    | Found a runed translucent gate.
 32423 | Elf:1    | Found a runed translucent gate.
 32458 | Elf:1    | Found a runed translucent gate.
 32752 | Elf:2    | Identified the ring "Upapnod" {Ice Int+4}
 32759 | Elf:2    | Identified the +3 pair of gloves of Okawaru's Condemnation
                  | {+Inv Dex-3 SInv Stlth+} (Okawaru gifted it to you on level
                  | 2 of the Elven Halls)
 32759 | Elf:2    | Received a gift from Okawaru
 32796 | Elf:2    | Noticed Aizul
 32825 | Elf:1    | Killed Aizul
 33069 | Elf:2    | Found Foj Joes's Gadget Shop.
 33156 | Elf:2    | Noticed Saint Roka
 33187 | Elf:2    | Killed Saint Roka
 33707 | Elf:2    | Noticed Agnes
 33716 | Elf:2    | Killed Agnes
 33882 | Elf:2    | Identified the +8 battleaxe of Thoughtfulness {flame, +Rage
                  | rPois MR- Dex+6}
 33883 | Elf:2    | Found a huge runed gate.
 33883 | Elf:2    | Found a huge runed gate.
 33883 | Elf:2    | Found a huge runed gate.
 33883 | Elf:2    | Found a huge runed gate.
 33905 | Elf:2    | Found a huge runed gate.
 33931 | Elf:2    | Noticed Louise
 33968 | Elf:2    | Killed Louise
 34287 | Elf:2    | Noticed Jorgrun
 34303 | Elf:2    | Killed Jorgrun
 34587 | Elf:3    | Entered Level 3 of the Elven Halls
 34612 | Elf:3    | Identified the +8 plate armour "Quhyurabya" {Str+4}
                  | (Okawaru gifted it to you on level 3 of the Elven Halls)
 34612 | Elf:3    | Received a gift from Okawaru
 34751 | Elf:3    | Reached XP level 20. HP: 164/170 MP: 27/27
 35836 | Elf:3    | Identified the Almanac of Conjuration
 36042 | Elf:3    | Found the +18 shield of the Gong {rElec rN+ MR+ EV-5}
 36056 | Elf:3    | Identified the +9 trident of a wizard's laboratory
                  | {antimagic, +Blink +Inv rF+}
 36441 | Elf:3    | Reached skill level 10 in Invocations
 36487 | Elf:3    | Identified the +5 ring mail of the Guild-Master {*Contam
                  | Dex+3 SInv Stlth+} (Okawaru gifted it to you on level 3 of
                  | the Elven Halls)
 36487 | Elf:3    | Received a gift from Okawaru
 36876 | Elf:3    | Identified the cursed +3 hunting sling of the Empty Page
                  | {velocity, Int+4}
 36944 | Elf:3    | Identified the +3 glaive "Xunysal" {venom, rC++ Str-5 Int+4
                  | SInv}
 37647 | Slime:1  | Entered Level 1 of the Pits of Slime
 38113 | Slime:5  | Entered Level 5 of the Pits of Slime
 38369 | Slime:5  | Noticed the Royal Jelly
 38390 | Slime:5  | Found a viscous altar of Jiyva.
 38411 | Slime:5  | Killed the Royal Jelly
 38411 | Slime:5  | Gained mutation: You are immune to clouds of flame.
                  | [demonic ancestry]
 38411 | Slime:5  | Reached XP level 21. HP: 132/178 MP: 17/28
 38510 | Slime:5  | Identified the Tome of Sinister Rituals
 38589 | Slime:5  | Got a slimy rune of Zot
 38591 | Slime:5  | Identified the +10 plate armour "Ubokuv" {rF+}
 38648 | Slime:5  | Identified the +1 leather armour of the Grue {rF+}
 38996 | Vaults:1 | Entered Level 1 of the Vaults
 39188 | Vaults:1 | Found Regek's General Store.
 39260 | Vaults:1 | Found a ruined gateway.
 39286 | Desolati | Entered the Desolation of Salt
 39333 | Desolati | Identified the +2 hand axe of Overwhelming Force {freeze,
                  | +Fly Str-5 Int+2} (Okawaru gifted it to you in the
                  | Desolation of Salt)
 39333 | Desolati | Received a gift from Okawaru
 39519 | Desolati | Identified the +2 robe "Xikh" {MR+ Slay+3}
 39531 | Desolati | Identified the cursed +1 leather armour "Voocvock" {-Tele
                  | MR+ Int+8 Stlth+}
 39536 | Desolati | Identified the amulet of Reypn {Reflect rC+ Slay+2 SH+4
                  | Stlth+}
 39544 | Desolati | Identified the ring of Rehewn {Ice *Drain Str+2 Stlth+}
 39772 | Desolati | Found the brooch of Shielding {Reflect SH+8}
 39775 | Desolati | Identified the cursed +1 battleaxe "Nosehe Qae" {flame,
                  | Int+4 SInv}
 39803 | Desolati | Identified the +8 plate armour "Nistilir" {*Contam +Blink
                  | Str+7 Slay+3}
 39983 | Desolati | Found the +12 glaive of Prune {chop, lignify}
 39992 | Desolati | Identified the +9 mace of Luaw {flame, Str+4 Int+4 Dex-2}
 39995 | Desolati | Identified the ring "Dapnauj" {+Inv MR+ Str+7 Stlth+}
 40361 | Vaults:1 | Identified the ring of Ovvunoics {Ice Str+3}
 40474 | Vaults:1 | Received a gift from Okawaru
 41225 | Vaults:2 | Reached XP level 22. HP: 181/187 MP: 28/30
 41511 | Vaults:2 | Found Pudoh's Magic Scroll Boutique.
 41519 | Vaults:2 | Bought a scroll of blinking for 135 gold pieces
 41519 | Vaults:2 | Bought a scroll of enchant armour for 135 gold pieces
 41978 | Vaults:2 | Identified a +2 pair of boots of running (Okawaru gifted it
                  | to you on level 2 of the Vaults)
 41978 | Vaults:2 | Received a gift from Okawaru
 42154 | Vaults:2 | Found a staircase to the Crypt.
 42306 | Vaults:3 | Entered Level 3 of the Vaults
 42319 | Vaults:3 | HP: 7/285 [vault guard/+2 halberd (20)]
 42319 | Vaults:3 | Annihilated by a vault guard
 42320 | Vaults:3 | Reached XP level 21. HP: -22/273 MP: 0/29
 42334 | Vaults:3 | Reached skill level 1 in Polearms
 42490 | Vaults:3 | Identified the +7 broad axe of Iklaug {freeze, rElec rPois
                  | Dex+2}
 42513 | Vaults:3 | Identified the ring of Ogu Sireuw {rN+ Int+7}
 42525 | Vaults:3 | Identified the +2 pair of gloves of Pior {rElec rPois}
                  | (Okawaru gifted it to you on level 3 of the Vaults)
 42525 | Vaults:3 | Received a gift from Okawaru
 42620 | Vaults:3 | Noticed a golden dragon
 42639 | Vaults:3 | Killed a golden dragon
 42677 | Vaults:3 | Reached XP level 22. HP: 116/192 MP: 27/30
 42782 | Vaults:3 | Identified the ring of Rerhaqonk {MR- AC+2 Str+5}
 42791 | Vaults:3 | Noticed Bai Suzhen
 42809 | Vaults:3 | Noticed a golden dragon
 42816 | Vaults:3 | Killed Bai Suzhen
 42818 | Vaults:3 | Noticed a golden dragon
 42818 | Vaults:3 | a shadow dragon changed into a golden dragon
 42821 | Vaults:3 | a golden dragon changed into a titan
 42826 | Vaults:3 | Noticed a shard shrike
 42826 | Vaults:3 | an iron giant changed into a shard shrike
 42829 | Vaults:3 | a shard shrike changed into a titan
 42830 | Vaults:3 | Killed a golden dragon
 42831 | Vaults:3 | Noticed a shard shrike
 42831 | Vaults:3 | a titan changed into a shard shrike
 42834 | Vaults:3 | Killed a shard shrike
 42875 | Vaults:3 | Identified the +10 quarterstaff of Balance {crush, rC+ rN+
                  | Str-4 Dex+2}
 42889 | Vaults:3 | Received a gift from Okawaru
 42916 | Vaults:3 | Identified the amulet of Kul Uday {RegenMP rElec rF+ Slay+2
                  | SInv}
 42929 | Vaults:3 | Identified the ring "Jote" {Fire Str+5}
 42933 | Vaults:3 | Noticed an ancient lich
 42942 | Vaults:3 | Killed an ancient lich
 43317 | Vaults:3 | Got a silver rune of Zot
 43341 | Vaults:3 | Identified the +1 scale mail of Responsibility {Slay+6}
 43971 | Crypt:1  | Entered Level 1 of the Crypt
 44352 | Crypt:1  | Paralysed by a vampire knight for 2 turns
 44849 | Crypt:1  | Identified the +2 pair of boots of Follow the Leader
                  | {*Drain rN+ Str+2} (Okawaru gifted it to you on level 1 of
                  | the Crypt)
 44849 | Crypt:1  | Received a gift from Okawaru
 45053 | Crypt:1  | Reached skill level 5 in Polearms
 45257 | Crypt:2  | Entered Level 2 of the Crypt
 45285 | Crypt:1  | Gained mutation: You can hurl hellfire. [demonic ancestry]
 45285 | Crypt:1  | Reached XP level 23. HP: 127/199 MP: 16/31
 45865 | Crypt:2  | Found a magical portal.
 45874 | WizLab   | Entered Cigotuvi's Fleshworks
 45932 | WizLab   | Gained mutation: [You are frail. (-10% HP)] [mutagenic
                  | glow]
 45994 | WizLab   | Gained mutation: [You are very frail. (-20% HP)] [mutagenic
                  | glow]
 46141 | WizLab   | Received a gift from Okawaru
 46427 | WizLab   | Identified Cigotuvi's Tome of Lethal Transmigration
 46602 | WizLab   | Paralysed by a floating eye for 3 turns
 46612 | WizLab   | Paralysed by a floating eye for 3 turns
 46655 | WizLab   | Paralysed by a floating eye for 2 turns
 46706 | WizLab   | Found the -2 hat of the Alchemist {rElec rPois rF+ rC+ rN+
                  | MR+ rMut rCorr}
 47039 | Crypt:2  | Found a staircase to the Tomb.
 47214 | Crypt:2  | Found an ancient bone altar of Kikubaaqudgha.
 47215 | Crypt:2  | Noticed an ancient lich
 47242 | Crypt:2  | Killed an ancient lich
 47606 | Crypt:2  | Identified the Guide on Heat and the Mountains
 47608 | Crypt:2  | Identified Aniulism's Tome of Sinister Rites
 47741 | Crypt:2  | Identified Sif Muna's Volume of Torrid Transmigration
 47848 | Tomb:1   | Entered Level 1 of the Tomb of the Ancients
 48219 | Tomb:1   | Received a gift from Okawaru
 48219 | Tomb:1   | Reached XP level 24. HP: 158/168 MP: 31/32
 48221 | Tomb:1   | Lost mutation: [You are very frail. (-20% HP)] [potion of
                  | mutation]
 48221 | Tomb:1   | Lost mutation: [You are frail. (-10% HP)] [potion of
                  | mutation]
 48221 | Tomb:1   | Gained mutation: You are weak. (Str -2) [potion of
                  | mutation]
 48221 | Tomb:1   | Gained mutation: You are resistant to hostile enchantments.
                  | (MR+) [potion of mutation]
 48221 | Tomb:1   | Gained mutation: You are dopey. (Int -2) [potion of
                  | mutation]
 48221 | Tomb:1   | Lost mutation: You are weak. (Str -2) [potion of mutation]
 48384 | Tomb:1   | Noticed Mennas
 48408 | Tomb:1   | Killed Mennas
 48418 | Tomb:1   | Noticed a greater mummy
 48431 | Tomb:1   | Killed a greater mummy
 49660 | Depths:3 | Received a gift from Okawaru
 50762 | Depths:4 | Noticed a Killer Klown
 50782 | Depths:4 | Killed a Killer Klown
 50956 | Depths:4 | Noticed a juggernaut
 50972 | Depths:4 | Killed a juggernaut
 51140 | Depths:4 | Noticed an ancient lich
 51151 | Depths:4 | Noticed a golden dragon
 51160 | Depths:4 | Killed an ancient lich
 51160 | Depths:4 | Reached XP level 25. HP: 159/215 MP: 28/32
 51167 | Depths:4 | Killed a golden dragon
 51167 | Depths:4 | Received a gift from Okawaru
 51452 | Depths:4 | Noticed a juggernaut
 51464 | Depths:4 | Killed a juggernaut
 51476 | Depths:4 | Noticed an ancient lich
 51493 | Depths:4 | Killed an ancient lich
 51760 | Depths:4 | Noticed a golden dragon
 51789 | Depths:4 | Killed a golden dragon
 52068 | Depths:5 | Entered Level 5 of the Depths
 52091 | Depths:5 | Reached skill level 10 in Dodging
 52152 | Depths:5 | Reached skill level 15 in Armour
 52196 | Depths:5 | Received a gift from Okawaru
 52755 | Depths:5 | Noticed a golden dragon
 52777 | Depths:5 | Killed a golden dragon
 52778 | Depths:5 | Found a gate to the Realm of Zot.
 53280 | D:8      | Killed Joseph
 53683 | Hell     | Entered the Vestibule of Hell
 53697 | Hell     | Noticed Geryon
 53702 | Hell     | Gained mutation: You regenerate health from kills. [demonic
                  | ancestry]
 53702 | Hell     | Reached XP level 26. HP: 203/225 MP: 28/32
 53728 | Hell     | Killed Geryon
 53860 | Hell     | Found a gateway to the Iron City of Dis.
 53940 | Hell     | Found a gateway to the ashen valley of Gehenna.
 54123 | Hell     | Found a gateway to the decaying netherworld of Tartarus.
 54186 | Hell     | Found a gateway to the freezing wastes of Cocytus.
 54313 | Depths:1 | Voluntarily entered the Abyss.
 54484 | Abyss:1  | Noticed an ancient lich
 54499 | Abyss:1  | Killed an ancient lich
 54499 | Abyss:1  | Received a gift from Okawaru
 54560 | Abyss:1  | Paralysed by accursed screaming for 1 turns
 54924 | Abyss:2  | Identified a scroll of acquirement
 55082 | Abyss:2  | Received a gift from Okawaru
 55083 | Abyss:2  | Found the +8 mithril axe "Arga" {speed, MR+}
 55774 | Abyss:3  | Received a gift from Okawaru
 55874 | Abyss:5  | Entered Level 5 of the Abyss
 55874 | Abyss:5  | Entered Level 5 of the Abyss
 55875 | Abyss:5  | Found a corrupted altar of Lugonu.
 56047 | Abyss:5  | Gained mutation: You regenerate a lot of health from kills.
                  | [demonic ancestry]
 56047 | Abyss:5  | Reached XP level 27. HP: 238/238 MP: 32/32
 56217 | Abyss:5  | Identified the +2 ring mail of Amelioration {rC+} (Okawaru
                  | gifted it to you on level 5 of the Abyss)
 56217 | Abyss:5  | Received a gift from Okawaru
 56284 | Abyss:5  | Noticed an ancient lich
 56300 | Abyss:5  | Paralysed by accursed screaming for 1 turns
 56303 | Abyss:5  | Killed an ancient lich
 56408 | Abyss:5  | Paralysed by accursed screaming for 1 turns
 56419 | Abyss:5  | Noticed an ancient lich
 56437 | Abyss:5  | Killed an ancient lich
 56460 | Abyss:5  | Paralysed by accursed screaming for 2 turns
 56514 | Depths:1 | Escaped the Abyss
 57026 | Tomb:2   | Noticed a greater mummy
 57027 | Tomb:2   | Noticed a greater mummy
 57039 | Tomb:2   | Noticed a greater mummy
 57040 | Tomb:2   | Noticed a greater mummy
 57055 | Tomb:2   | Received a gift from Okawaru
 57070 | Tomb:2   | Killed a greater mummy
 57078 | Tomb:2   | Killed a greater mummy
 57080 | Tomb:2   | Killed a greater mummy
 57083 | Tomb:2   | Killed a greater mummy
 57209 | Tomb:2   | Identified the -1 pair of boots of Tyases {rPois rC+ MR+
                  | Str-3}
 57556 | Tomb:1   | Noticed a greater mummy
 57556 | Tomb:1   | Noticed a greater mummy
 57556 | Tomb:1   | Noticed a greater mummy
 57567 | Tomb:1   | Killed a greater mummy
 57576 | Tomb:1   | Killed a greater mummy
 57578 | Tomb:1   | Noticed a greater mummy
 57585 | Tomb:1   | Killed a greater mummy
 57592 | Tomb:1   | Noticed a greater mummy
 57603 | Tomb:1   | Killed a greater mummy
 57613 | Tomb:1   | Killed a greater mummy
 57613 | Tomb:1   | Identified the +3 scale mail of Snakes and Ladders {Int+3}
                  | (Okawaru gifted it to you on level 1 of the Tomb of the
                  | Ancients)
 57613 | Tomb:1   | Received a gift from Okawaru
 57614 | Tomb:1   | Noticed a greater mummy
 57624 | Tomb:1   | Killed a greater mummy
 57647 | Tomb:1   | Noticed a greater mummy
 57659 | Tomb:1   | Killed a greater mummy
 57756 | Tomb:1   | Noticed a greater mummy
 57773 | Tomb:1   | Killed a greater mummy
 57779 | Tomb:1   | Noticed a greater mummy
 57796 | Tomb:1   | Noticed a greater mummy
 57840 | Tomb:1   | Killed a greater mummy
 57849 | Tomb:1   | Killed a greater mummy
 58059 | Tomb:1   | Noticed a greater mummy
 58077 | Tomb:1   | Killed a greater mummy
 58088 | Tomb:1   | Noticed a greater mummy
 58112 | Tomb:1   | Killed a greater mummy
 58115 | Tomb:1   | Noticed a greater mummy
 58129 | Tomb:1   | Noticed a greater mummy
 58129 | Tomb:1   | Killed a greater mummy
 58145 | Tomb:1   | Killed a greater mummy
 58346 | Tomb:1   | Noticed a greater mummy
 58362 | Tomb:1   | Killed a greater mummy
 58370 | Tomb:1   | Noticed a greater mummy
 58374 | Tomb:1   | Noticed a greater mummy
 58384 | Tomb:1   | Killed a greater mummy
 58394 | Tomb:1   | Killed a greater mummy
 58566 | Tomb:3   | Entered Level 3 of the Tomb of the Ancients
 58589 | Tomb:3   | Found the +3 crown of Dyrovepreva {rElec Int+2 SInv}
 58591 | Tomb:3   | Noticed a greater mummy
 59050 | Tomb:3   | Noticed a greater mummy
 59054 | Tomb:3   | Noticed a greater mummy
 59054 | Tomb:3   | Noticed an ancient lich
 59055 | Tomb:3   | Noticed a greater mummy
 59056 | Tomb:3   | Noticed a greater mummy
 59056 | Tomb:3   | Noticed a greater mummy
 59117 | Tomb:3   | Noticed a greater mummy
 59125 | Tomb:3   | Noticed a greater mummy
 59152 | Tomb:3   | Killed a greater mummy
 59202 | Tomb:3   | Killed a greater mummy
 59224 | Tomb:2   | Killed a greater mummy
 59392 | Tomb:3   | Killed a greater mummy
 59421 | Tomb:2   | Killed a greater mummy
 59421 | Tomb:2   | Received a gift from Okawaru
 59429 | Tomb:2   | Killed an ancient lich
 59528 | Tomb:3   | Killed a greater mummy
 59675 | Tomb:3   | Cast into level 2 of the Abyss (the power of Zot)
 60020 | Tomb:3   | Escaped the Abyss
 60036 | Tomb:3   | Killed a greater mummy
 60068 | Tomb:3   | Killed a greater mummy
 60068 | Tomb:3   | Identified the +2 cloak of Okawaru's Anger {+Inv rElec
                  | SInv} (Okawaru gifted it to you on level 3 of the Tomb of
                  | the Ancients)
 60068 | Tomb:3   | Received a gift from Okawaru
 60184 | Tomb:3   | Identified the +2 robe of Othenit {rF+ rCorr Int-4}
 60222 | Tomb:3   | Identified the +4 quarterstaff "Yqot" {crush, rC+}
 60223 | Tomb:3   | Identified the Tome of Dislocation and Weightlessness
 60532 | Tomb:3   | Got a golden rune of Zot
 60911 | Zig:1    | Entered Level 1 of a ziggurat
 60931 | Zig:2    | Entered Level 2 of a ziggurat
 60964 | Zig:3    | Entered Level 3 of a ziggurat
 61005 | Zig:4    | Entered Level 4 of a ziggurat
 61046 | Zig:5    | Entered Level 5 of a ziggurat
 61051 | Zig:5    | Noticed a greater mummy
 61066 | Zig:5    | Killed a greater mummy
 61194 | Zig:6    | Entered Level 6 of a ziggurat
 61270 | Zig:6    | Identified the Collected Works on Mutagenic Black Magic
 61383 | Zig:7    | Entered Level 7 of a ziggurat
 61390 | Zig:7    | Found the +6 staff of Battle {slice, MP+12}
 61462 | Zig:8    | Entered Level 8 of a ziggurat
 61470 | Zig:8    | Found the +6 Scorpio {venom, beckon}
 61530 | Zig:9    | Entered Level 9 of a ziggurat
 61591 | Zig:9    | Identified the +4 ring mail the Sufficient Zebra {MP+9
                  | Int-2 Dex+10}
 61605 | Zig:10   | Entered Level 10 of a ziggurat
 61712 | Zig:10   | Identified the Grimoire of Poisoning
 61725 | Zig:11   | Entered Level 11 of a ziggurat
 61733 | Zig:11   | Noticed a juggernaut
 61734 | Zig:11   | Noticed a juggernaut
 61758 | Zig:11   | Killed a juggernaut
 61771 | Zig:11   | Killed a juggernaut
 61771 | Zig:11   | Identified the +1 scale mail of the Blacksmith {Str-4
                  | Int+5} (Okawaru gifted it to you on level 11 of a ziggurat)
 61771 | Zig:11   | Received a gift from Okawaru
 61771 | Zig:11   | Reached skill level 27 in Fighting
 61853 | Zig:12   | Entered Level 12 of a ziggurat
 61929 | Zig:13   | Entered Level 13 of a ziggurat
 61939 | Zig:13   | Found the +7 Spriggan's Knife {stab, EV+4 Stlth+}
 61963 | Zig:13   | Found the +7 captain's cutlass {speed, disarm}
 61981 | Zig:13   | Lost mutation: You are dopey. (Int -2) [potion of mutation]
 61981 | Zig:13   | Lost mutation: You are resistant to hostile enchantments.
                  | (MR+) [potion of mutation]
 61981 | Zig:13   | Gained mutation: Your spells are a little easier to cast,
                  | but a little less powerful. [potion of mutation]
 61981 | Zig:13   | Gained mutation: You passively map a small area around you.
                  | [potion of mutation]
 61981 | Zig:13   | Lost mutation: You passively map a small area around you.
                  | [potion of mutation]
 61981 | Zig:13   | Lost mutation: Your spells are a little easier to cast, but
                  | a little less powerful. [potion of mutation]
 61992 | Zig:13   | Identified the +1 rapier "Impbane" {freeze, +Blink}
 62021 | Zig:14   | Entered Level 14 of a ziggurat
 62051 | Zig:14   | Reached skill level 27 in Axes
 62116 | Zig:14   | Found the +2 ratskin cloak {+Rats rN+}
 62118 | Zig:14   | Found the +6 Majin-Bo {vamp, *Drain Str+12 Int+24}
 62156 | Zig:15   | Entered Level 15 of a ziggurat
 62194 | Zig:15   | Received a gift from Okawaru
 62242 | Zig:15   | Identified the +11 halberd of Dismay {antimagic, rN+ MR+
                  | Int+2 SInv}
 62262 | Zig:16   | Entered Level 16 of a ziggurat
 62272 | Zig:16   | Noticed an ancient lich
 62291 | Zig:16   | Killed an ancient lich
 62314 | Zig:16   | Reached skill level 15 in Invocations
 62416 | Zig:16   | Identified the cursed -1 pair of gloves of Wonderful
                  | Surprise {rC++}
 62426 | Zig:16   | Identified the +3 plate armour of Agoraphobia {rC+ Dex+3
                  | Stlth-}
 62427 | Zig:16   | Identified the amulet "Udaboheh" {Spirit Str+2}
 62435 | Zig:17   | Entered Level 17 of a ziggurat
 62445 | Zig:17   | Noticed an ancient lich
 62499 | Zig:17   | Killed an ancient lich
 62499 | Zig:17   | Reached skill level 27 in Shields
 62503 | Zig:17   | Noticed an ancient lich
 62517 | Zig:17   | Killed an ancient lich
 62519 | Zig:17   | Received a gift from Okawaru
 62536 | Zig:17   | Found the +5 robe of Misfortune {Harm *Corrode *Slow EV+5}
 62536 | Zig:17   | Found the +2 cloak of the Thief {+Fog +Inv Slay-2 SInv
                  | Stlth+}
 62552 | Zig:17   | Identified the +5 war axe "Xoshrele" {chop, Dex+7}
 62565 | Zig:18   | Entered Level 18 of a ziggurat
 62615 | Zig:18   | Reached skill level 5 in Stealth
 62695 | Zig:18   | Identified Neiruej's Almanac of Burning Fascination
 62719 | Zig:18   | Identified the Compendium of Scorching Enhancements
 62728 | Zig:19   | Entered Level 19 of a ziggurat
 62736 | Zig:19   | Noticed Fasan the pandemonium lord
 62746 | Zig:20   | Entered Level 20 of a ziggurat
 62794 | Zig:20   | Paralysed by accursed screaming for 2 turns
 62805 | Zig:20   | Paralysed by accursed screaming for 2 turns
 62822 | Zig:20   | Paralysed by accursed screaming for 2 turns
 62893 | Zig:20   | Found the +8 glaive of the Guard {elec, +Rage AC+5 SInv}
 62901 | Zig:20   | Identified the +6 chain mail "Wekloidd" {rF+}
 62904 | Zig:20   | Identified the +2 scale mail "Biplatz" {rC++}
 62909 | Zig:20   | Identified the +5 ring mail of Roqo {+Blink}
 62931 | Zig:20   | Identified the +5 buckler of Fortitude {Str+6 Int-5 Slay+2}
 62950 | Zig:21   | Entered Level 21 of a ziggurat
 62960 | Zig:21   | Noticed Astruacau the pandemonium lord
 62960 | Zig:21   | Noticed Vivos the pandemonium lord
 62961 | Zig:21   | Noticed Baplirgh the pandemonium lord
 62961 | Zig:21   | Noticed Zososk the pandemonium lord
 62962 | Zig:21   | Noticed Urumnoty the pandemonium lord
 62962 | Zig:21   | Noticed Myhuhoz the pandemonium lord
 62962 | Zig:21   | Noticed Poras the pandemonium lord
 62962 | Zig:21   | Noticed Xolaf the pandemonium lord
 62964 | Zig:21   | Noticed Cafyo the pandemonium lord
 62965 | Zig:21   | Noticed Gibuttes the pandemonium lord
 62966 | Zig:21   | Noticed Irph the pandemonium lord
 62967 | Zig:21   | Noticed Jilintiw the pandemonium lord
 62976 | Zig:21   | Noticed Fekeimuab the pandemonium lord
 62985 | Zig:21   | Killed Urumnoty the pandemonium lord
 62985 | Zig:21   | Identified the +1 ring mail "Cituiduxil" {rElec rC+++ MP+9
                  | Int-3} (Okawaru gifted it to you on level 21 of a ziggurat)
 62985 | Zig:21   | Received a gift from Okawaru
 62986 | Zig:21   | Killed Vivos the pandemonium lord
 62990 | Zig:21   | Killed Astruacau the pandemonium lord
 62992 | Zig:21   | Killed Zososk the pandemonium lord
 62998 | Zig:21   | HP: 14/373 [Poras the pandemonium lord (5)]
 63001 | Zig:21   | Killed Poras the pandemonium lord
 63004 | Zig:21   | Killed Gibuttes the pandemonium lord
 63005 | Zig:21   | Killed Irph the pandemonium lord
 63012 | Zig:21   | Killed Cafyo the pandemonium lord
 63012 | Zig:21   | Killed Fekeimuab the pandemonium lord
 63013 | Zig:21   | Killed Myhuhoz the pandemonium lord
 63015 | Zig:21   | Killed Xolaf the pandemonium lord
 63020 | Zig:21   | Killed Baplirgh the pandemonium lord
 63049 | Zig:21   | Killed Jilintiw the pandemonium lord
 63071 | Zig:21   | Identified the +6 spear of Lies {venom, rF+++ Str+4 Int-5
                  | Stlth+}
 63074 | Zig:21   | Identified the amulet "Kekarch" {Reflect rC- MR+ Dex+3
                  | SH+2}
 63076 | Zig:21   | Identified the +3 great mace of the Forgotten Dreams
                  | {venom, +Inv MR+ Int+2}
 63079 | Zig:21   | Identified the ring of Jeogo {rF+ Slay+5}
 63084 | Zig:21   | Identified the ring of Eciec {Wiz rC+ MR+ Str-3}
 63085 | Zig:21   | Identified the Collected Works on the Volcanoes and Flight
 63192 | Zig:22   | Entered Level 22 of a ziggurat
 63221 | Zig:22   | Identified the +5 shortbow "Vezxir" {flame, Str+4 Int+4}
                  | (Okawaru gifted it to you on level 22 of a ziggurat)
 63221 | Zig:22   | Received a gift from Okawaru
 63323 | Zig:22   | HP: 12/249 [manticore (4)]
 63379 | Zig:22   | Identified the amulet "Cuusir" {Faith +Fly Str+4 Int-2
                  | Dex+4}
 63388 | Zig:22   | Identified the Tome of Summoning
 63595 | Zig:23   | Entered Level 23 of a ziggurat
 63600 | Zig:23   | Noticed a juggernaut
 63601 | Zig:23   | Noticed a juggernaut
 63601 | Zig:23   | Noticed a juggernaut
 63602 | Zig:23   | Noticed a juggernaut
 63610 | Zig:23   | Killed a juggernaut
 63623 | Zig:23   | Killed a juggernaut
 63634 | Zig:23   | Killed a juggernaut
 63634 | Zig:23   | Received a gift from Okawaru
 63637 | Zig:23   | Noticed a juggernaut
 63640 | Zig:23   | Killed a juggernaut
 63646 | Zig:23   | Noticed a juggernaut
 63657 | Zig:23   | Noticed a juggernaut
 63664 | Zig:23   | Killed a juggernaut
 63677 | Zig:23   | Killed a juggernaut
 63677 | Zig:23   | Identified the +2 pair of boots of Distant Worlds {Regen+
                  | Int+2} (Okawaru gifted it to you on level 23 of a ziggurat)
 63677 | Zig:23   | Received a gift from Okawaru
 63687 | Zig:23   | Killed a juggernaut
 63772 | Zig:23   | Identified the ring of Contentment {rN+ EV+3 Dex+4}
 63786 | Zig:23   | Identified Wacenoasi's Almanac of the Sinister Volcanoes
 63797 | Zig:23   | Identified the +0 robe of Existentialism {rN+ rCorr MP+9
                  | Int-5}
 63824 | Zig:24   | Entered Level 24 of a ziggurat
 63886 | Zig:24   | Received a gift from Okawaru
 63951 | Zig:24   | Identified the ring "Jeom" {*Contam rF+ Int+4 Stlth+}
 63954 | Zig:24   | Identified the cursed amulet of Leaves {Inacc Str+3}
 63955 | Zig:24   | Identified Sif Muna's Guide on Transmigration and Venom
 63958 | Zig:24   | Identified the ring "Gigidej" {+Fly Int+3 Stlth++}
 63962 | Zig:24   | Identified the cursed +1 arbalest of Judgement {velocity,
                  | Dex+6 Stlth+}
 63985 | Zig:25   | Entered Level 25 of a ziggurat
 64032 | Zig:25   | Received a gift from Okawaru
 64120 | Zig:25   | Identified the +2 leather armour "Boan" {*Slow rC+ rN+
                  | Int+2}
 64125 | Zig:25   | Identified the amulet of Zin's Delight {Reflect rN+ Dex+2
                  | SH+4 Stlth-}
 64147 | Zig:25   | Identified the cursed +1 whip of the Kidney {slash, *Drain
                  | rN++ Int+2 Dex+4}
 64168 | Zig:26   | Entered Level 26 of a ziggurat
 64245 | Zig:26   | Received a gift from Okawaru
 64330 | Zig:26   | Identified the +3 leather armour of Sin {rElec rCorr Str-3}
 64337 | Zig:26   | Identified the amulet "Qesel" {Reflect SH+3 SInv}
 64347 | Zig:26   | Identified the +6 broad axe of Greed {chop, Dex+2 Stlth+}
 64348 | Zig:26   | Identified the ring of Wixy {rElec MP+9 SInv}
 64353 | Zig:26   | Identified the amulet of Tender Moments {Rage MR- Str+5
                  | SInv}
 64354 | Zig:26   | Identified the cursed +1 whip "Jiephe" {pain, Str+3}
 64365 | Zig:26   | Reached skill level 15 in Dodging
 64375 | Zig:27   | Entered Level 27 of a ziggurat
 64419 | Zig:27   | Reached skill level 10 in Stealth
 64442 | Zig:27   | Received a gift from Okawaru
 64473 | Zig:27   | Found the +10 dark maul {crush}
 64474 | Zig:27   | Found the +0 sword of Power
 64480 | Zig:27   | Identified the +6 arbalest "Fipn" {venom, *Slow rC+ MR+
                  | Int+3}
 64486 | Zig:27   | Identified the Papyrus of Evil Poisoning
 64497 | Zig:27   | Identified the ring of the Scarab {rF- Str+4 Dex+5 Slay+3
                  | SInv}
 64499 | Zig:27   | Identified the -8 large shield of Verirel {Regen+}
 64510 | Zig:27   | Identified the ring of Itoramn {Wiz rC+ Dex+2 Slay+3
                  | Stlth+}
 64521 | Zig:27   | Identified the cursed +1 scimitar of Superiority
                  | {antimagic, rElec rN+}
 64543 | Zig:27   | Identified the cursed +0 chain mail of the Majestic Slorg
                  | {rF+ rC+ Dex+2 Stlth-}
 64560 | Zig:27   | Identified the +6 mace of the Pit {vamp, rF++ Str-3 Int+4
                  | Dex+9}
 64672 | Zig:1    | Entered Level 1 of a ziggurat
 64707 | Zig:2    | Entered Level 2 of a ziggurat
 64737 | Zig:3    | Entered Level 3 of a ziggurat
 64778 | Zig:3    | Identified the +10 battleaxe of Fuji {flame, rPois Int+6}
 64784 | Zig:4    | Entered Level 4 of a ziggurat
 64798 | Zig:4    | Received a gift from Okawaru
 64837 | Zig:5    | Entered Level 5 of a ziggurat
 64840 | Zig:5    | Noticed a greater mummy
 64841 | Zig:5    | Noticed a greater mummy
 64854 | Zig:5    | Killed a greater mummy
 64859 | Zig:6    | Entered Level 6 of a ziggurat
 65154 | Zig:6    | Identified the cursed +0 ring mail of the Shining Light
                  | {Dex+4}
 65162 | Zig:6    | Identified the Collected Works on Bewitchment and
                  | Contamination
 65172 | Zig:7    | Entered Level 7 of a ziggurat
 65201 | Zig:7    | Paralysed by accursed screaming for 2 turns
 65226 | Zig:7    | Identified the cursed +3 hand crossbow "Kuesu" {penet, MR+}
 65233 | Zig:8    | Entered Level 8 of a ziggurat
 65241 | Zig:8    | Noticed Qaugroaw the pandemonium lord
 65266 | Zig:8    | Killed Qaugroaw the pandemonium lord
 65274 | Zig:8    | Identified the +2 scythe "Leviticus" {drain, rPois Dex+6
                  | SInv}
 65274 | Zig:8    | Paralysed by accursed screaming for 2 turns
 65279 | Zig:8    | HP: 5/199 [blizzard demon/the air[a shadow demon] (5)]
 65279 | Zig:8    | Killed from afar by a starcursed mass

Skill      XL: |  1  2  3  4  5  6  7  8  9 10 11 12 13 14 15 16 17 18 19 20 21 22 23 24 25 26 27 |
---------------+----------------------------------------------------------------------------------+-----
Axes           | 2 3 4 5 6 8 9 11 12 14 15 16 17 19 20 21 22 23 24 27 | 27.0
Shields        | 3 4 5 6 7 8 9 10 11 12 13 15 16 19 20 21 22 23 27 | 27.0
Armour         | 3 4 5 7 8 9 10 11 12 13 14 15 24 | 24.6
Dodging        | 1 2 3 4 5 6 7 8 9 10 15 | 15.9
Fighting       | 4 5 6 7 8 9 10 11 12 13 14 16 17 18 20 21 22 23 24 27 | 27.0
Maces & Flails | 1 |  1.2
Stealth        | 1 2 3 10 | 10.1
Invocations    | 1 3 5 6 7 8 9 10 11 12 26 | 26.0
Staves         | 1 |  1.2
Polearms       | 1 5 6 |  6.2
Evocations     | |  0.8

Action                   |  1- 3 |  4- 6 |  7- 9 | 10-12 | 13-15 | 16-18 | 19-21 | 22-24 | 25-27 || total
-------------------------+-------+-------+-------+-------+-------+-------+-------+-------+-------++-------
Melee: War axe           |   164 |   101 |   394 |   612 |   538 |       |       |       |       ||  1809
       Mace              |       |       |     9 |       |       |       |       |       |       ||     9
       Staff             |       |       |       |    34 |       |       |       |       |       ||    34
       Broad axe         |       |       |       |       |   512 |  1570 |  1714 |  1357 |  3927 ||  9080
       Glaive            |       |       |       |       |       |       |     3 |   238 |       ||   241
Invok: Heroism           |       |       |     4 |    18 |    13 |    24 |    31 |    11 |    41 ||   142
       Finesse           |       |       |       |     4 |     6 |    17 |    24 |    10 |    37 ||    98
 Abil: Evoke Flight      |       |       |       |       |     1 |       |       |       |     1 ||     2
       Stop Flying       |       |       |       |       |       |       |     1 |       |       ||     1
       Hurl Hellfire     |       |       |       |       |       |       |       |     1 |       ||     1
Evoke: Wand              |       |       |       |       |       |     1 |       |     8 |       ||     9
       Figurine of a zig |       |       |       |       |       |       |       |       |     1 ||     1
  Use: Potion            |     1 |       |     3 |     1 |     1 |       |     2 |     5 |    49 ||    62
       Scroll            |       |       |    12 |     8 |    14 |       |     4 |       |    12 ||    50
 Stab: Distracted        |       |       |       |       |       |     1 |     1 |     1 |     1 ||     4
       Confused          |       |       |       |       |       |     1 |       |       |       ||     1
       Paralysed         |       |       |       |       |       |       |       |       |     3 ||     3
  Eat: Chunk             |     9 |     6 |    25 |    34 |    51 |    50 |    48 |    26 |    34 ||   283
       Ration            |       |       |     2 |     1 |     1 |     2 |     2 |     9 |    15 ||    32
Armor: Scale mail        |     3 |    66 |   208 |   235 |     5 |       |       |       |       ||   517
       Plate armour      |   121 |    17 |       |       |       |       |   193 |   291 |  1108 ||  1730
       Chain mail        |       |       |       |       |   316 |   594 |   128 |       |       ||  1038
       Leather armour    |       |       |       |       |    27 |       |       |       |       ||    27
       Crystal plate arm |       |       |       |       |       |    80 |       |       |       ||    80
       Acid dragon scale |       |       |       |       |       |       |    44 |       |       ||    44
       Skin              |       |       |       |       |       |       |       |   226 |       ||   226
Dodge: Dodged            |     7 |    27 |   152 |   234 |   289 |   529 |   327 |   166 |   718 ||  2449
Block: Medium shield     |    79 |    60 |    29 |   338 |   598 |   276 |   639 |  1476 |  4291 ||  7786
       Buckler           |       |       |   143 |    41 |   210 |   846 |   524 |       |       ||  1764
       Reflection        |       |       |       |     4 |    17 |   181 |   171 |    56 |   189 ||   618
       Other             |       |       |       |       |       |       |       |    42 |       ||    42
